 Dungeon Crawl Stone Soup version 0.29-a0-1009-g60c99734e7 (webtiles) character file.

Game seed: 779315756272347065

18928 Conn the Thaumaturge (level 12, -2/72 HPs)
             Began as an Octopode Fire Elementalist on Aug 8, 2022.
             Was an Elder of Sif Muna.
             Slain by a salamander
             ... wielding a +1 bardiche of flaming
              (32 damage)
             ... in a volcano.
             The game lasted 00:42:50 (15325 turns).

Conn the Thaumaturge (Octopode Fire Elementalist)  Turns: 15325, Time: 00:42:51

Health: -2/72      AC:  5    Str:  9    XL:     12   Next: 63%
Magic:  1/26       EV: 14    Int: 21    God:    Sif Muna [****..]
Gold:   566        SH:  0    Dex: 14    Spells: 4/32 levels left

rFire   + + +      SeeInvis .   I - +3 war axe "Videdija" {protect, rF+}
rCold   x . .      Faith    .   G - orb {*channel}
rNeg    + + .      Spirit   .   x - +0 hat of Esavuysm {Harm rN++ Will+ Str+2}
rPois   .          Reflect  .   B - amulet of the acrobat
rElec   .          Harm     +   m - ring of flight
rCorr   .          Rampage  .   h - ring of protection from fire
Will    ++...                   r - ring of willpower
Stlth   ++++......              F - +4 ring of protection
HPRegen 0.22/turn               i - ring of fire
MPRegen 0.20/turn               (no ring)
                                (no ring)
                                (no ring)

@: marked, flying, very slightly contaminated
A: almost no armour, amphibious, 8 rings, camouflage 1, gelatinous body 1,
(nimble swimmer 1), tentacles, screaming 1, wild magic 1, MP-powered wands
a: Renounce Religion, Channel Magic, Forget Spell, Divine Exegesis


You were in a volcano.
You worshipped Sif Muna.
Sif Muna was greatly pleased with you.
You visited 3 branches of the dungeon, and saw 13 of its levels.
You also visited: Volcano.

You collected 566 gold pieces.

Inventory:

Hand Weapons
 b - a +0 vorpal dagger
 s - the +9 quarterstaff "Enlooqewk" {antimagic, Fly Dex+2}
   (You found it on level 4 of the Dungeon)

   It reduces the magical energy of the wielder, and disrupts the spells and
   magical abilities of those it strikes.
   Natural abilities and divine invocations are not affected.
   Dex:       It affects your dexterity (+2).
   Fly:       It grants you flight.
 I - the +3 war axe "Videdija" (weapon) {protect, rF+}
   (You found it on level 2 of the Lair of Beasts)

   It grants its wielder temporary protection when it strikes (+7 to AC).
   rF:        It protects you from fire.
Missiles
 H - a curare-tipped dart
Armour
 x - the +0 hat of Esavuysm (worn) {Harm rN++ Will+ Str+2}
   (You acquired it on level 1 of the Lair of Beasts)

   Str:       It affects your strength (+2).
   rN:        It greatly protects you from negative energy.
   Harm:      It increases damage dealt and taken.
   Will:      It increases your willpower.
 G - an orb of energy (worn)
Magical Staves
 l - a staff of poison
Jewellery
 h - a ring of protection from fire (right tentacle)
 i - a ring of fire (on tentacle)
 m - a ring of flight (left tentacle)
 r - a ring of willpower (on tentacle)
 B - an amulet of the acrobat (around mantle)
 F - a +4 ring of protection (on tentacle)
Wands
 t - a wand of roots (3)
 u - a wand of flame (16)
 L - a wand of paralysis (9)
Scrolls
 c - 4 scrolls of vulnerability
 e - a scroll of immolation
 j - 2 scrolls of enchant armour
 k - 6 scrolls of teleportation
 n - a scroll of butterflies
 o - a scroll of amnesia
 p - a scroll of blinking
 q - 2 scrolls of noise
 w - a scroll of poison
 y - 2 scrolls of brand weapon
 E - a scroll of summoning
Potions
 a - 4 potions of magic
 d - 2 potions of might
 f - 3 potions of attraction
 g - 3 potions of cancellation
 v - 3 potions of heal wounds
 z - a potion of mutation
 A - a potion of haste
 C - 2 potions of ambrosia {unknown}
 D - 5 potions of curing


   Skills:
 + Level 2.5 Fighting
 + Level 1.6 Short Blades
 + Level 0.6 Axes
 + Level 3.4 Dodging
 + Level 5.5 Stealth
 * Level 10.6 Spellcasting
 + Level 9.5 Conjurations
 + Level 2.1 Hexes
 + Level 0.4 Translocations
 + Level 10.6 Fire Magic
 + Level 9.0 Invocations
 + Level 0.8 Evocations


You had 4 spell levels left.
You knew the following spells:

 Your Spells              Type           Power      Damage    Failure   Level
a - Foxfire               Conj/Fire      100%       2x1d9     1%          1
b - Conjure Flame         Conj/Fire      81%        6-21      1%          3
c - Inner Flame           Hex/Fire       65%        N/A       2%          3
d - Flame Wave            Conj/Fire      81%        2d18      1%          4
e - Scorch                Fire           100%       2d10      1%          2
f - Fireball              Conj/Fire      40%        3d16      4%          5
g - Starburst             Conj/Fire      40%        6d12      21%         6
h - Iskenderun's Mystic   Conj/Tloc      41%        2d9       12%         4

Your spell library contained the following spells:

 Spells                   Type           Power      Damage    Failure   Level
 Dazzling Flash           Conj/Hex       92%        N/A       3%          3
 Sublimation of Blood     Necr           14%        N/A       14%         2
 Wereblood                Tmut           14%        N/A       14%         2
 Corpse Rot               Necr/Pois/Air  14%        N/A       61%         4
 Dispel Undead            Necr           14%        3d10      61%         4
 Ice Form                 Ice/Tmut       14%        N/A       61%         4
 Olgreb's Toxic Radiance  Pois           14%        N/A       61%         4
 Ignition                 Fire           41%        3d12      99%         8
 Death Channel            Necr           7%         N/A       100%        6
 Summon Hydra             Summ           7%         N/A       100%        7


Dungeon Overview and Level Annotations

Branches:
Dungeon (9/15)             Temple (1/1) D:4            Lair (3/5) D:9
  Swamp (0/4) Lair:2      Volcano (1/1)
  Snake: Lair:2-3    Spider: Lair:2-3       Orc: D:9-12

Altars:
Cheibriados
Hepliaklqana
Makhleb
Nemelex Xobeh
Okawaru
Sif Muna
Vehumet
Wu Jian
Xom
Yredelemnul
Zin
The Shining One

Shops:
D:2 (

Portals:
Abyss: D:6

Annotations:
D:6 2 transporters, CannotBeFrozen's ghost, novice DgFi


Innate Abilities, Weirdness & Mutations

You cannot wear most types of armour.
You are amphibious.
You can wear up to eight rings at the same time.
Your skin changes colour to match your surroundings (Stealth+).
Your rubbery body absorbs attacks. (AC +1, EV +1)
((You are camouflaged when in or above water. (Stealth+)))
You have tentacles for arms and can constrict up to eight enemies at once.
You occasionally shout uncontrollably at your foes.
Your spells are a little harder to cast, but a little more powerful.
You expend magic power (3 MP) to strengthen your wands.


Message History

The salamander seems to speed up.
Unknown command.
Casting: Iskenderun's Mystic Blast (dangerous; 13% risk of failure)
Confirm with . or Enter, or press ? or * to list all spells.
You erupt in a blast of force!
The mystic blast hits the salamander but does no damage.
The mystic blast hits the hell hog!
The hell hog is severely wounded.
The hell hog is knocked back by the mystic blast.
The hell hog violently stops moving!
The hell hog is almost dead.
The salamander hits you from afar with a +1 bardiche of flaming.
You are engulfed in flames.
You resist.
Unknown command.
Unknown command.
Casting: Iskenderun's Mystic Blast (dangerous; 13% risk of failure)
Confirm with . or Enter, or press ? or * to list all spells.
You erupt in a blast of force!
The mystic blast hits the salamander!
The salamander is lightly wounded.
The salamander is knocked back by the mystic blast.
The mystic blast hits the hell hog!
You kill the hell hog!
Sif Muna accepts your kill.
The salamander pulls the alarm!
The alarm trap emits a blaring wail!
The mark upon you grows brighter.
A fire bat comes into view.
The salamander hits you from afar with a +1 bardiche of flaming!!
You are engulfed in flames.
You resist.
Casting: Iskenderun's Mystic Blast (dangerous; 12% risk of failure)
Confirm with . or Enter, or press ? or * to list all spells.
You erupt in a blast of force!
The mystic blast hits the salamander!
The salamander is heavily wounded.
The salamander is knocked back by the mystic blast.
Casting: Iskenderun's Mystic Blast (dangerous; 12% risk of failure)
Confirm with . or Enter, or press ? or * to list all spells.
You miscast Iskenderun's Mystic Blast.
Nothing appears to happen.
The fire bat bites you but does no damage.
The salamander hits you from afar with a +1 bardiche of flaming!!
You die...

≈#≈§§§§§..####..~≈≈≈≈≈≈≈≈#
#§#≈≈§§§§.......~≈≈≈≈≈≈≈≈#
≈≈§§§≈≈≈..####..~≈≈≈≈≈≈≈≈#
#§≈≈≈≈.≈.## .##.~~≈≈≈≈≈≈≈#
§≈≈≈≈§≈≈.# .#..≈≈≈≈≈≈≈≈#
§§#≈≈≈§§.# '.~~≈≈≈≈≈≈≈#
≈#≈≈≈≈≈≈.# #.N~≈≈≈≈≈≈≈#
#≈≈≈≈≈...## ##..b≈≈≈≈≈≈≈#
§#≈≈≈≈≈§..####..@≈≈≈≈≈≈≈≈#
§§#≈≈≈.≈........~~~≈≈≈≈≈≈#
§#≈≈§≈≈.........≈≈≈≈≈≈≈≈≈#
§≈≈§≈≈≈≈######.#)≈≈≈≈≈≈≈≈#
§≈§§○°≈≈≈##..'##≈~≈≈≈≈≈≈≈#
#≈#§≈≈○°≈#.####≈≈≈≈≈≈≈≈≈≈#
§#≈≈≈§≈≈°##∩∩#≈≈≈≈≈≈≈≈≈≈≈#
§§≈#≈≈≈≈§≈####≈≈≈≈≈≈≈≈≈≈≈#
§#≈≈#§#≈#≈≈≈≈≈≈≈≈≈≈≈≈≈≈≈≈#


You could see a salamander (fast) and a fire bat.

Vanquished Creatures
  2 hydras
  5 two-headed ogres
  A hell hog (Volcano)
  A deep elf pyromancer (D:9)
  An oklob plant (D:8)
  A salamander (Volcano)
  3 elephants (Lair:2)
  A rime drake (Lair:2)
  4 cane toads
  2 komodo dragons
  A kobold demonologist (D:9)
  A troll (D:9)
  Grinder (D:6)
  A polar bear (Lair:2)
  A hornet (D:8)
  3 dream sheep (Lair:1)
  Sigmund (D:5)
  13 yaks
  4 wyverns
  A fire bat (Volcano)
  Menkaure (D:6)
  A steam dragon (D:7)
  Edmund (D:6)
  Duvessa (D:4)
  5 water moccasins
  2 ice beasts
  4 sky beasts
  2 orc warriors
  3 black bears
  9 wolves
  2 ogres
  A centaur (D:9)
  A phantom (D:4)
  A kobold brigand (D:6)
  10 bullfrogs
  A necrophage (D:7)
  2 scorpions
  5 wights (D:9)
  Dowan (D:4)
  An oklob sapling (D:8)
  10 killer bees (D:9)
  An electric eel (D:9)
  5 howler monkeys
  2 jellies
  8 orc priests
  A gnoll bouda (Lair:1)
  4 hounds
  4 iguanas
  4 orc wizards
  4 gnolls (D:6)
  15 adders
  2 shadow imps (D:6)
  2 white imps (D:7)
  An ufetubus (D:7)
  2 worms
  2 dart slugs
  28 orcs
  3 bats
  4 endoplasms
  3 giant cockroaches
  4 goblins
  5 hobgoblins
  14 kobolds
  2 quokkas
  12 ball pythons
  3 frilled lizards
  9 rats
256 creatures vanquished.

Vanquished Creatures (collateral kills)
  23 foxfires
23 creatures vanquished.

Vanquished Creatures (others)
  909 foxfires
  13 fungi
  45 plants
967 creatures vanquished.

Grand Total: 1246 creatures vanquished

Notes
Turn   | Place    | Note
-------+----------+-------------------------------------------
     0 | D:1      | Conn the Octopode Fire Elementalist began the quest for the
                  | Orb.
     0 | D:1      | Reached XP level 1. HP: 11/11 MP: 3/3
   234 | D:1      | Reached XP level 2. HP: 17/17 MP: 3/5
   759 | D:1      | Reached XP level 3. HP: 21/21 MP: 6/6
  1084 | D:2      | Learned a level 2 spell: Scorch
  1088 | D:2      | Learned a level 3 spell: Conjure Flame
  1261 | D:2      | Found Tiumiej's Weapon Shoppe.
  1467 | D:2      | Reached XP level 4. HP: 27/27 MP: 4/8
  2070 | D:3      | Noticed a scorpion
  2080 | D:3      | Killed a scorpion
  2081 | D:3      | Reached XP level 5. HP: 28/31 MP: 0/9
  2602 | D:3      | Found a burning altar of Makhleb.
  2819 | D:3      | Learned a level 3 spell: Inner Flame
  2865 | D:4      | Noticed a water moccasin
  2871 | D:4      | Killed a water moccasin
  2872 | D:4      | Reached XP level 6. HP: 18/37 MP: 5/11
  3049 | D:4      | Found a staircase to the Ecumenical Temple.
  3066 | Temple   | Entered the Ecumenical Temple
  3122 | Temple   | Became a worshipper of Sif Muna the Loreminder
  3165 | D:4      | Found a glowing silver altar of Zin.
  3172 | D:4      | Reached skill level 1 in Fighting
  3350 | D:4      | Reached skill level 1 in Short Blades
  3350 | D:4      | Reached XP level 7. HP: 43/43 MP: 9/13
  3438 | D:4      | Noticed Dowan
  3468 | D:4      | Noticed Duvessa
  3471 | D:4      | Killed Dowan
  3472 | D:4      | Reached skill level 5 in Stealth
  3507 | D:4      | Identified the +9 quarterstaff "Enlooqewk" {antimagic, Fly
                  | Dex+2}
  3536 | D:4      | Killed Duvessa
  3537 | D:4      | Reached skill level 1 in Invocations
  3952 | D:4      | Found a basalt altar of Yredelemnul.
  3954 | D:4      | Noticed a profane servitor
  4189 | D:4      | Reached * piety under Sif Muna
  4545 | D:4      | Found a glowing golden altar of the Shining One.
  4547 | D:4      | Noticed an angel
  4874 | D:5      | Entered Level 5 of the Dungeon
  5005 | D:5      | Reached skill level 5 in Fire Magic
  5229 | D:5      | Found a hazy altar of Hepliaklqana.
  5335 | D:5      | Reached XP level 8. HP: 48/48 MP: 7/15
  5371 | D:5      | Noticed Sigmund
  5495 | D:5      | Killed Sigmund
  5501 | D:5      | Reached skill level 5 in Spellcasting
  6057 | D:5      | Found a sparkling altar of Nemelex Xobeh.
  6244 | D:6      | Noticed Edmund
  6270 | D:6      | Killed Edmund
  6271 | D:6      | Reached skill level 5 in Conjurations
  6512 | D:5      | Learned a level 4 spell: Flame Wave
  6518 | D:5      | Learned a level 5 spell: Fireball
  6529 | D:6      | Reached XP level 9. HP: 47/54 MP: 4/17
  6796 | D:6      | Reached ** piety under Sif Muna
  6882 | D:6      | Noticed Menkaure
  6888 | D:6      | Killed Menkaure
  6932 | D:6      | Found a one-way gate to the infinite horrors of the Abyss.
  6932 | D:6      | Noticed CannotBeFrozen's ghost (novice DgFi)
  7148 | D:6      | Noticed Grinder
  7154 | D:6      | Killed Grinder
  7357 | D:6      | Found a transporter.
  7372 | D:6      | Found a transporter.
  7675 | D:6      | Found a radiant altar of Vehumet.
  7756 | D:7      | Reached skill level 5 in Invocations
  8291 | D:7      | Found an iron altar of Okawaru.
  8332 | D:7      | Reached XP level 10. HP: 60/60 MP: 14/20
  8902 | D:8      | Reached *** piety under Sif Muna
  9290 | D:8      | Found an ornate altar of the Wu Jian Council.
  9342 | D:8      | Noticed a two-headed ogre
  9348 | D:8      | Killed a two-headed ogre
  9374 | D:8      | Got the Atlas of the Assassin and Evolution
  9707 | D:8      | Noticed an oklob plant
 10324 | D:8      | Killed an oklob plant
 10575 | D:9      | Found a shimmering altar of Xom.
 10577 | D:9      | Found a staircase to the Lair.
 10723 | D:9      | Found a snail-covered altar of Cheibriados.
 10969 | D:9      | Noticed a kobold demonologist
 11035 | D:9      | Killed a kobold demonologist
 11050 | D:9      | Noticed a two-headed ogre
 11056 | D:9      | Killed a two-headed ogre
 11057 | D:9      | Reached skill level 1 in Hexes
 11057 | D:9      | Reached XP level 11. HP: 64/64 MP: 8/23
 11289 | D:9      | Noticed a deep elf pyromancer
 11296 | D:9      | Noticed a two-headed ogre
 11304 | D:9      | Killed a deep elf pyromancer
 11305 | D:9      | Killed a two-headed ogre
 11305 | D:9      | Reached **** piety under Sif Muna
 11306 | D:9      | Noticed a cyclops
 11352 | Lair:1   | Entered Level 1 of the Lair of Beasts
 11953 | Lair:1   | Identified a scroll of acquirement
 11953 | Lair:1   | Acquired the +0 hat of Esavuysm {Harm rN++ Will+ Str+2}
 12873 | Lair:1   | Noticed a seven-headed hydra
 12881 | Lair:1   | Killed a seven-headed hydra
 13154 | Lair:1   | Learned a level 6 spell: Starburst
 13247 | Lair:2   | Noticed a seven-headed hydra
 13255 | Lair:2   | Killed a seven-headed hydra
 13256 | Lair:2   | Reached XP level 12. HP: 71/71 MP: 14/25
 13344 | Lair:2   | Reached skill level 10 in Fire Magic
 13707 | Lair:2   | Identified the +3 war axe "Videdija" {protect, rF+}
 14076 | Lair:2   | Found a staircase to the Swamp.
 14117 | Lair:2   | Reached skill level 10 in Spellcasting
 14420 | Lair:2   | Learned a level 4 spell: Iskenderun's Mystic Blast
 14461 | Lair:2   | Gained mutation: You are frail. (-10% HP) [potion of
                  | mutation]
 14461 | Lair:2   | Gained mutation: You occasionally lose the ability to read
                  | scrolls when taking damage. [potion of mutation]
 14462 | Lair:2   | Lost mutation: You occasionally lose the ability to read
                  | scrolls when taking damage. [potion of mutation]
 14462 | Lair:2   | Lost mutation: You are frail. (-10% HP) [potion of
                  | mutation]
 14462 | Lair:2   | Gained mutation: You occasionally shout uncontrollably at
                  | your foes. [potion of mutation]
 14462 | Lair:2   | Gained mutation: Your spells are a little harder to cast,
                  | but a little more powerful. [potion of mutation]
 14462 | Lair:2   | Gained mutation: You expend magic power (3 MP) to
                  | strengthen your wands. [potion of mutation]
 14761 | Lair:3   | Found a dark tunnel.
 14771 | Volcano  | Entered a volcano
 14991 | Volcano  | Noticed a two-headed ogre
 15057 | Volcano  | Noticed a hell hog
 15202 | Volcano  | Killed a two-headed ogre
 15294 | Volcano  | Noticed a two-headed ogre
 15300 | Volcano  | Killed a two-headed ogre
 15321 | Volcano  | Killed a hell hog
 15325 | Volcano  | Slain by a salamander

Illustrated notes

Levels and vault maps discovered:
D:1:      dpeg_arrival_court, layout_loops_ring
D:2:      layout_loops_ring, serial_shops, shop
D:3:      layout_rooms, lemuel_round_altar, serial_forest,
          infiniplex_forest_clump_double, infiniplex_forest_lined_room_,
          infiniplex_forest_clump_cross, infiniplex_forest_clump_small,
          infiniplex_forest_clump_long, infiniplex_forest_corner_2,
          infiniplex_forest_clump_large
D:4:      layout_loops_corners, grunt_temple_overflow_holy_war,
          mainiacjoe_overflow_boulevard, minmay_temple_entry_large_hall,
          nrook_mini_backslash, roderic_lattice_a,
          chequers_serial_rivers_large_b, chequers_big_river, uniq_duvessa
D:5:      layout_rooms, kennysheep_little_box,
          nemelex_xobeh_ov_fountains_minmay,
          hangedman_abyss_or_decor_jellyfish_corner, kennysheep_nub,
          minmay_misc_feat_nine_boxes, st_stairs_9, uniq_sigmund
D:6:      layout_basic, mainiacjoe_overflow_alcove_1,
          gammafunk_ghost_abyssal_escape, chequers_avenue, uniq_grinder,
          uniq_edmund, uniq_menkaure
D:7:      layout_basic, okawaru_gym_becter, david_defended_altar_orc
D:8:      layout_loops_ring, mainiacjoe_overflow_alcove_4,
          introduction_to_nature_2
D:9:      layout_big_octagon, chequers_temple_overflow_statue_of_worship,
          lair_entry_dummy, nzn_random_ring
Temple:   bh_familiar_temple
Lair:1:   layout_gridlike, dreamdust_gnoll_shepherd
Lair:2:   layout_chaotic_city, swamp_mist, lemuel_fruit_fields,
          serial_bayou_shore_a, grunt_megastairs_2
Lair:3:   layout_loops_ring, hellmonk_spider_entry_life_and_decay,
          enter_volcano_1
Volcano:  volcano_village

Skill      XL: |  1  2  3  4  5  6  7  8  9 10 11 12 |
---------------+-------------------------------------+-----
Stealth        | 3 4 5 |  5.5
Spellcasting   | 3 4 5 7 8 9 10 | 10.6
Conjurations   | 2 3 5 6 8 9 |  9.5
Fire Magic     | 4 5 6 7 8 9 10 | 10.6
Fighting       | 1 2 |  2.5
Short Blades   | 1 |  1.6
Invocations    | 1 3 5 6 8 9 |  9.0
Dodging        | 3 |  3.4
Hexes          | 1 2 |  2.1
Axes           | |  0.6
Translocations | |  0.4
Evocations     | |  0.8

Action                   |  1- 3 |  4- 6 |  7- 9 | 10-12 || total
-------------------------+-------+-------+-------+-------++-------
Melee: Unarmed           |    12 |       |       |       ||    12
       Constrict         |     5 |     4 |     6 |     7 ||    22
       Tentacles         |     6 |     2 |    12 |    10 ||    30
       Dagger            |    12 |    18 |    30 |    23 ||    83
       Punch             |       |     2 |     1 |     1 ||     4
       War axe           |       |       |       |     5 ||     5
 Cast: Foxfire           |    44 |    38 |   174 |   278 ||   534
       Scorch            |       |     9 |    46 |    62 ||   117
       Inner Flame       |       |       |     7 |    16 ||    23
       Flame Wave        |       |       |     4 |    13 ||    17
       Conjure Flame     |       |       |     3 |     3 ||     6
       Fireball          |       |       |       |     6 ||     6
       Iskenderun's Myst |       |       |       |    11 ||    11
Invok: Channel Magic     |       |       |     2 |     2 ||     4
Evoke: Wand              |       |       |     5 |     5 ||    10
  Use: Potion            |       |     4 |     1 |     3 ||     8
       Scroll            |       |       |       |    20 ||    20
 Stab: Sleeping          |     4 |     4 |     2 |     1 ||    11
Armor: Skin              |       |     2 |     5 |    16 ||    23
Dodge: Dodged            |    17 |    15 |    37 |    68 ||   137

Table legend: (Time is in decaauts)
 A = Elapsed time spent in this place.
 B = Non-inter-level travel time spent in this place.
 C = Inter-level travel time spent in this place.
 D = Time resting spent in this place.
 E = Time spent auto-exploring this place.
 F = Levels seen in this place.
 G = Mean time per level.
                   A        B        C        D        E       F      G
               +--------+--------+--------+--------+--------+-----+--------+
         Total |  15259 |  15038 |    221 |   1181 |  10691 |  14 | 1089.9 |
       Dungeon |  11236 |  11031 |    205 |    991 |   7695 |   9 | 1248.4 |
        Temple |     69 |     69 |      0 |      0 |     51 |   1 |   69.0 |
          Lair |   3397 |   3381 |     16 |      0 |   2751 |   3 | 1132.3 |
       Volcano |    555 |    555 |      0 |    190 |    194 |   1 |  555.0 |
               +--------+--------+--------+--------+--------+-----+--------+

Top non-repeatable levels by time:
     D:8: 1956 daAuts
     D:4: 1937 daAuts
  Lair:1: 1803 daAuts
     D:5: 1555 daAuts
  Lair:2: 1497 daAuts
     D:6: 1411 daAuts
     D:1: 1028 daAuts
     D:2: 964 daAuts
     D:3: 858 daAuts
     D:9: 796 daAuts
     D:7: 729 daAuts
 Volcano: 555 daAuts
  Lair:3: 96 daAuts
  Temple: 69 daAuts
